 Dungeon Crawl Stone Soup version 0.21.1-1-g345015fe64 (webtiles) character file.

114 loran1212 the Skirmisher (level 4, 0/41 HPs)
             Began as a Draconian Berserker on June 3, 2018.
             Was a Follower of Trog.
             Slain by a hobgoblin (7 damage)
             ... led by Robin
             ... on level 2 of the Dungeon.
             The game lasted 00:18:27 (1715 turns).

loran1212 the Skirmisher (Draconian Berserker)      Turns: 1715, Time: 00:18:30

Health: 0/41       AC:  5    Str: 21    XL:     4   Next: 67%
Magic:  4/4        EV: 15    Int:  7    God:    Trog [*.....]
Gold:   100        SH:  0    Dex: 10    Spells: 3/3 levels left

rFire    + . .     SeeInvis .   a - +0 spear
rCold    . . .     Gourm    .   (no shield)
rNeg     . . .     Faith    .   (armour unavailable)
rPois    +         Spirit   .   (helmet restricted)
rElec    +         Reflect  .   (no cloak)
rCorr    .         Harm     .   (no gloves)
MR       +....                  (no boots)
Stlth    +.........             (no amulet)
HPRegen  0.13/turn              f - ring of protection from magic
MPRegen  0.09/turn              i - +2 ring of evasion

@: about to teleport
A: unfitting armour, fire resistance 1, poison resistance, electricity
resistance, no potion heal 1, cold-blooded, AC +5
a: Berserk, Burn Spellbooks, Renounce Religion


You were on level 2 of the Dungeon.
You worshipped Trog.
Trog was aware of your devotion.
You were not hungry.

You visited 1 branch of the dungeon, and saw 2 of its levels.

You collected 100 gold pieces.

Inventory:

Hand Weapons
 a - a +0 spear (weapon)
 d - a +0 club
 g - a +0 mace
 h - a +0 dagger
Missiles
 c - 41 stones (quivered)
Armour
 k - a +0 robe
 p - a +0 leather armour
 q - a +0 leather armour
 r - a +0 ring mail
Jewellery
 f - a ring of protection from magic (left hand)
 i - a +2 ring of evasion (right hand)
Scrolls
 l - a scroll of fog
 n - a scroll of random uselessness
Potions
 e - a potion of heal wounds
 j - 2 potions of lignification
Comestibles
 b - a ration


   Skills:
 + Level 4.3 Fighting
 + Level 4.1 Polearms
 + Level 3.4 Dodging
 + Level 0.3 Stealth


You had 3 spell levels left.
You didn't know any spells.

Dungeon Overview and Level Annotations

Branches:
Dungeon (2/15)

Altars:

Annotations:
D:2 Robin


Innate Abilities, Weirdness & Mutations

Your plain brown scales are hard. (AC +5)
You cannot fit into any form of body armour.
You are cold-blooded and may be slowed by cold attacks.
Your flesh is heat resistant. (rF+)
Your system is resistant to poisons. (rPois)
You are resistant to electric shocks. (rElec)
Potions are less effective at restoring your health.


Message History

The goblin hits you with a dagger.
You closely miss the goblin.
You tail-slap the goblin, but do no damage.
The goblin is severely wounded.
The goblin closely misses you. The hobgoblin barely misses you.
The goblin closely misses you. The hobgoblin closely misses you.
You barely miss the goblin.
Your tail-slap misses the goblin.
The goblin is severely wounded.
The hobgoblin no longer looks unusually strong.
The goblin completely misses you. The hobgoblin misses you.
Robin throws the goblin at you! The goblin hits you with a dagger.
The hobgoblin hits you.
As you read the scroll of teleportation, it crumbles to dust.
You feel strangely unstable. The goblin hits you.
* * * LOW HITPOINT WARNING * * *
The hobgoblin barely misses you. The goblin closely misses you.
The goblin hits you with a dagger.
* * * LOW HITPOINT WARNING * * *
The hobgoblin hits you!
You die...

.....#................'..#.#.#.#.
..............#####...'...#.♣.#.♣
.#.###........######..'..#.#.#.#.
......................#♣#...#...#
.#.#............####..# ♣#.#.#.#.
##....###.####..####### ♣#...#.♣
##.#.## #.# #....# ♣#.#.#. .....#
#.# ###gg# ♣#...# ...### #..#
#@g# ♣#.#. #..# #.## #gg# ♣#..
..## #. #rg## ♣.. .## #.#


#ggK# #++ .# #.# #g#w# .# ##.# ...... .####....# #.....## ....#....## #.....#
....#...... ....... You could see a worm, Robin, 4 hobgoblins, 4 goblins, a
kobold and a rat.

Vanquished Creatures
  A bullfrog (D:2)
  2 adders (D:2)
  A dart slug (D:1)
  3 bats (D:1)
  3 giant cockroaches
  6 goblins
  7 hobgoblins
  5 kobolds
  4 rats
32 creatures vanquished.

Notes
Turn   | Place    | Note
-------+----------+-------------------------------------------
     0 | D:1      | loran1212 the Draconian Berserker began the quest for the Orb.
     0 | D:1      | Reached XP level 1. HP: 19/19 MP: 1/1
   337 | D:1      | Gained mutation: Your system is resistant to poisons. (rPois) [potion of mutation]
   337 | D:1      | Gained mutation: Potions are less effective at restoring your health. [potion of mutation]
   337 | D:1      | Gained mutation: Your flesh is heat resistant. (rF+) [potion of mutation]
   337 | D:1      | Gained mutation: You are resistant to electric shocks. (rElec) [potion of mutation]
   387 | D:1      | Reached XP level 2. HP: 26/26 MP: 2/2
  1316 | D:2      | Reached XP level 3. HP: 33/33 MP: 3/3
  1412 | D:2      | Noticed a bullfrog
  1430 | D:2      | Killed a bullfrog
  1430 | D:2      | Reached XP level 4. HP: 12/40 MP: 4/4
  1698 | D:2      | Noticed Robin
  1715 | D:2      | Slain by a hobgoblin

Skill      XL: |  1  2  3 |
---------------+----------+-----
Dodging        | 3 |  3.4
Fighting       | 4 |  4.3
Polearms       | 4 |  4.1
Stealth        | |  0.3

Action                   |  1- 3 |  4- 6 || total
-------------------------+-------+-------++-------
Melee: Spear             |   105 |    21 ||   126
       Tailslap          |     5 |     4 ||     9
  Use: Potion            |     3 |       ||     3
       Scroll            |     1 |     5 ||     6
  Eat: Ration            |     1 |       ||     1
Armor: Skin              |    27 |     9 ||    36
Dodge: Dodged            |    78 |    29 ||   107
